 Dungeon Crawl Stone Soup version 0.24-a0-203-gf0bc1e9 (webtiles) character file.

Game seed: 7667946458884293318

67 Borgoz the Cutter (level 4, 0/27 HPs)
             Began as a Kobold Gladiator on Mar 27, 2019.
             Killed from afar by an orc wizard (7 damage)
             ... with a magic dart
             ... on level 3 of the Dungeon.
             The game lasted 00:04:24 (1775 turns).

Borgoz the Cutter (Kobold Gladiator)                Turns: 1775, Time: 00:04:25

Health: 0/27       AC:  5    Str: 12    XL:     4   Next: 40%
Magic:  4/4        EV: 18    Int:  9    God:
Gold:   97         SH:  0    Dex: 16    Spells: 3/3 levels left

rFire    . . .     SeeInvis .   p - +1 dagger (elec)
rCold    . . .     Gourm    .   (shield restricted)
rNeg     . . .     Faith    .   b - +0 leather armour
rPois    .         Spirit   .   c - +0 helmet
rElec    .         Reflect  .   (no cloak)
rCorr    .         Harm     .   i - +0 pair of gloves
MR       .....                  (no boots)
Stlth    +.........             (no amulet)
HPRegen  0.09/turn              n - +2 ring of evasion
MPRegen  0.09/turn              j - ring of attention (curse)

@: no status effects
A: small, carnivore
a: no special abilities


You were on level 3 of the Dungeon.
You were completely stuffed.

You visited 1 branch of the dungeon, and saw 3 of its levels.

You collected 97 gold pieces.

Inventory:

Hand Weapons
 a - a +0 rapier
 p - a +1 dagger of electrocution (weapon)
Missiles
 d - 3 throwing nets (quivered)
 r - 28 bolts
Armour
 b - a +0 leather armour (worn)
 c - a +0 helmet (worn)
 i - a +0 pair of gloves (worn)
Jewellery
 h - an uncursed ring of poison resistance
 j - a cursed ring of attention (right hand)
 l - an uncursed amulet of faith
 n - a +2 ring of evasion (left hand)
 o - an uncursed ring of resist corrosion
Scrolls
 k - a scroll of identify {unknown}
 m - a scroll of amnesia {unknown}
 t - a scroll of fog {unknown}
 v - a scroll of enchant armour {unknown}
 w - a scroll of enchant weapon {unknown}
Potions
 e - a potion of heal wounds {unknown}
 g - a potion of ambrosia {unknown}
 q - a potion of curing {unknown}
 s - a potion of haste {unknown}
 u - a potion of might {unknown}
Comestibles
 f - 10 rations


   Skills:
 + Level 2.7 Fighting
 + Level 4.4 Short Blades
 + Level 2.9 Throwing
 + Level 1.1 Armour
 + Level 4.0 Dodging
 + Level 1.8 Stealth


You had 3 spell levels left.
You didn't know any spells.
Your spell library was empty.

Dungeon Overview and Level Annotations

Branches:
Dungeon (3/15)

Altars:
Okawaru
Sif Muna


Innate Abilities, Weirdness & Mutations

You are small and have problems with some larger weapons.
You are carnivorous and can eat meat at any time.


Message History

You are too injured to fight recklessly!
You are too injured to fight recklessly!
You are too injured to fight recklessly!
Okay, then.
You hit the orc wizard but do no damage.
The orc wizard is lightly wounded.
The orc wizard hits you but does no damage.
You hit the orc wizard but do no damage.
The orc wizard is lightly wounded.
The orc wizard misses you.
You hit the orc wizard but do no damage.
The orc wizard is lightly wounded.
The orc wizard misses you.
The orc wizard hits you but does no damage.
You hit the orc wizard.
Lightning courses through the orc wizard!
The orc wizard is almost dead.
The orc wizard points at you and mumbles some strange words.
The magic dart hits you!
You die...

#####
#####################....
#........................
.###...#############....
#..........# #....
+..........+ #####
#...######## #...@)....!.
#...#o..#... ###.....(...
..#...#... ###........
########


You could see an orc wizard.

Vanquished Creatures
  2 oozes
  2 worms
  4 leopard geckos
  4 orcs (D:3)
  7 bats
  3 giant cockroaches
  4 goblins
  6 hobgoblins
  3 frilled lizards
  6 kobolds
  2 rats
43 creatures vanquished.

Notes
Turn   | Place    | Note
-------+----------+-------------------------------------------
     0 | D:1      | Borgoz the Kobold Gladiator began the quest for the Orb.
     0 | D:1      | Reached XP level 1. HP: 12/12 MP: 1/1
   121 | D:1      | Reached XP level 2. HP: 17/17 MP: 2/2
   885 | D:1      | Reached skill level 1 in Stealth
  1054 | D:2      | Found a deep blue altar of Sif Muna.
  1091 | D:2      | Reached XP level 3. HP: 21/22 MP: 3/3
  1251 | D:2      | Found an iron altar of Okawaru.
  1616 | D:3      | Reached skill level 1 in Armour
  1663 | D:3      | Reached XP level 4. HP: 25/27 MP: 4/4
  1775 | D:3      | Killed from afar by an orc wizard

Levels and vault maps discovered:
D:1:      matt_arrival_diagonals, layout_basic
D:2:      layout_basic, okawaru_trees_2, led_sif_pool
D:3:      layout_basic, fedhas_altar_4, lemuel_coloured_pillars_altar,
          minmay_rat_hole

Skill      XL: |  1  2  3  4 |
---------------+-------------+-----
Stealth        | 1 |  1.8
Armour         | 1 |  1.1
Dodging        | 4 |  4.0
Fighting       | |  2.7
Short Blades   | |  4.4
Throwing       | |  2.9

Action                   |  1- 3 |  4- 6 || total
-------------------------+-------+-------++-------
Melee: Rapier            |    58 |       ||    58
       Dagger            |    63 |    47 ||   110
  Eat: Chunk             |    10 |     1 ||    11
Armor: Leather armour    |    31 |    13 ||    44
Dodge: Dodged            |   104 |    38 ||   142

Table legend:
 A = Non-vault XP
 B = Vault XP
 C = Vault XP percentage of total XP
 D = Non-vault monster count
 E = Vault monster count
 F = Vault count percentage of total count
                 A         B        C        D         E       F
            +---------+---------+-------+---------+---------+-------
      Total |      97 |       0 |   0.0 |      43 |       0 |   0.0
            +---------+---------+-------+---------+---------+-------
        D:1 |      23 |       0 |   0.0 |      11 |       0 |   0.0
        D:2 |      33 |       0 |   0.0 |      17 |       0 |   0.0
        D:3 |      41 |       0 |   0.0 |      15 |       0 |   0.0
            +---------+---------+-------+---------+---------+-------
